 Dungeon Crawl Stone Soup version 0.22.1-5-g62c59d9 (webtiles) character file.

158 systemy the Chopper (level 5, -3/47 HPs)
             Began as a Minotaur Berserker on Jan 15, 2019.
             Was a Believer of Trog.
             Slain by Grinder (8 damage)
             ... on level 3 of the Dungeon.
             The game lasted 00:01:59 (2072 turns).

systemy the Chopper (Minotaur Berserker)            Turns: 2072, Time: 00:02:00

Health: -3/47      AC:  9    Str: 23    XL:     5   Next: 16%
Magic:  4/4        EV:  9    Int:  4    God:    Trog [**....]
Gold:   231        SH:  0    Dex:  9    Spells: 4/4 levels left

rFire    . . .     SeeInvis .   a - +0 hand axe
rCold    . . .     Gourm    .   (no shield)
rNeg     . . .     Faith    .   p - +0 chain mail
rPois    .         Spirit   .   (helmet restricted)
rElec    .         Reflect  .   (no cloak)
rCorr    .         Harm     .   (no gloves)
MR       .....                  (no boots)
Stlth    ..........             (no amulet)
HPRegen  0.15/turn              (no ring)
MPRegen  0.09/turn              (no ring)

@: no status effects
A: retaliatory headbutt, horns 2
a: Berserk, Trog's Hand, Renounce Religion


You were on level 3 of the Dungeon.
You worshipped Trog.
Trog was pleased with you.
You were hungry.

You visited 1 branch of the dungeon, and saw 3 of its levels.

You collected 231 gold pieces.

Inventory:

Hand Weapons
 a - a +0 hand axe (weapon)
Armour
 b - a +0 animal skin
 p - a +0 chain mail (worn)
Jewellery
 o - an uncursed ring of protection from magic {unknown}
Scrolls
 e - a scroll of blinking {unknown}
 f - 3 scrolls of fog {unknown}
 g - 2 scrolls of identify {unknown}
 i - a scroll of noise {unknown}
 j - a scroll of magic mapping {unknown}
 k - a scroll of enchant armour {unknown}
 l - a scroll of amnesia {unknown}
 m - 3 scrolls of remove curse {unknown}
 n - a scroll of fear {unknown}
Potions
 d - 2 potions of curing {unknown}
 h - a potion of lignification {unknown}
 q - 2 potions of heal wounds {unknown}
Comestibles
 c - 6 rations


   Skills:
 + Level 4.9 Fighting
 + Level 5.4 Axes
 + Level 2.8 Armour
 + Level 3.3 Dodging


You had 4 spell levels left.
You didn't know any spells.
Your spell library was empty.

Dungeon Overview and Level Annotations

Branches:
Dungeon (3/15)

Altars:

Annotations:
D:3 Grinder


Innate Abilities, Weirdness & Mutations

You reflexively headbutt those who attack you in melee.
You have a pair of horns on your head.


Message History

Grinder is severely wounded.
Grinder says, "Mostly I couldn't keep them alive."
Grinder hits you.
You writhe in agony.
You closely miss Grinder.
Grinder is severely wounded.
Grinder hits you.
* * * LOW HITPOINT WARNING * * *
You writhe in agony.
* * * LOW HITPOINT WARNING * * *
Your chain mail prevents you from hitting Grinder.
Your headbutt misses Grinder.
Grinder is severely wounded.
Grinder hits you.
* * * LOW HITPOINT WARNING * * *
You writhe in agony.
* * * LOW HITPOINT WARNING * * *
You closely miss Grinder.
Grinder is severely wounded.
Grinder hits you!
You die...

#.###..##...
#......##.#
#.####.#..#
#.........##
#....#####.## #
#.#.##.....##...
#...#............
###...$..........
#....@.........
#....†5........
#..............
..####
#...............
......
#.#.............
..####
#.##...........
##### #
##.....##..
...... ####### ##
...... ......


You could see Grinder.

Vanquished Creatures
  Jessica (D:3)
  Robin (D:3)
  4 adders (D:2)
  An ooze (D:2)
  2 worms (D:3)
  2 dart slugs
  A leopard gecko (D:2)
  6 orcs (D:3)
  2 giant cockroaches
  10 goblins
  11 hobgoblins
  2 jackals (D:3)
  A ball python (D:1)
  5 bats
  3 frilled lizards
  5 kobolds
  7 rats
64 creatures vanquished.

Notes
Turn   | Place    | Note
-------+----------+-------------------------------------------
     0 | D:1      | systemy the Minotaur Berserker began the quest for the Orb.
     0 | D:1      | Reached XP level 1. HP: 19/19 MP: 0/0
   129 | D:1      | Reached skill level 4 in Axes
   195 | D:1      | Reached XP level 2. HP: 27/27 MP: 1/1
   787 | D:2      | Reached XP level 3. HP: 18/34 MP: 2/2
  1521 | D:2      | Reached ** piety under Trog
  1574 | D:2      | Reached XP level 4. HP: 28/41 MP: 3/3
  1792 | D:3      | Noticed Jessica
  1794 | D:3      | Noticed Robin
  1800 | D:3      | Reached skill level 5 in Axes
  1810 | D:3      | Killed Robin
  1813 | D:3      | Killed Jessica
  1813 | D:3      | Reached XP level 5. HP: 47/47 MP: 4/4
  2054 | D:3      | Noticed Grinder
  2055 | D:3      | Paralysed by Grinder for 5 turns
  2072 | D:3      | Slain by Grinder

Skill      XL: |  1  2  3  4 |
---------------+-------------+-----
Axes           | 4 5 |  5.4
Fighting       | 4 |  4.9
Dodging        | 3 |  3.3
Armour         | |  2.8

Action                   |  1- 3 |  4- 6 || total
-------------------------+-------+-------++-------
Melee: Hand axe          |    56 |    78 ||   134
       Headbutt          |     7 |    10 ||    17
Invok: Berserk           |       |     1 ||     1
  Eat: Chunk             |     1 |     3 ||     4
Armor: Animal skin       |     8 |     1 ||     9
       Chain mail        |       |    27 ||    27
Dodge: Dodged            |    40 |    28 ||    68
